 Dungeon Sprint DCSS version 0.29.1-12-g30fa7ad0bf (webtiles) character file.

Game seed: 10612452549829916100

269351 Groucho the Ninja (level 12, 72/72 HPs)
             Began as a Felid Berserker on Dec 17, 2022.
             Was a High Priest of Trog.
             Escaped with the Orb!
             The game lasted 00:17:26 (5699 turns).

Groucho the Ninja (Felid Berserker)                 Turns: 5699, Time: 00:17:26

Health: 72/72      AC:  5    Str: 15    XL:     12   Next: 0%
Magic:  13/13      EV: 34    Int:  9    God:    Trog [*****.]
Gold:   3876       SH:  0    Dex: 18    Spells: 11/11 levels left
                                        Lives:  1   Deaths: 1

rFire   + . .      SeeInvis +     - Unarmed
rCold   . . .      Faith    .   (shield unavailable)
rNeg    . . .      Spirit   .   (body armour unavailable)
rPois   .          Reflect  .   (helmet unavailable)
rElec   .          Harm     .   (cloak unavailable)
rCorr   .          Rampage  .   (gloves unavailable)
Will    +....      Clarity  +   (boots unavailable)
Stlth   ++++...... NoTele   +   (no amulet)
HPRegen 0.22/turn               h - ring of flight
MPRegen 0.13/turn               k - ring of fire

@: flying, quick
A: very small, claws 1, fangs 3, see invisible, speed 1, shaggy fur 3, stealthy
paws, no weapons or thrown items, no armour, multi-lived, horns 1, iridescent
scales 1, clarity, robust 1, MP-powered wands
0: Orb of Zot
a: Renounce Religion, Berserk, Trog's Hand, Brothers in Arms


You escaped.
You worshipped Trog.
Trog was extremely pleased with you.
You visited 1 branch You collected 4980 gold pieces.
You spent 1104 gold pieces at shops.

Inventory:

Hand Weapons
 t - the +10 morningstar "Eos" {elec, Halo rElec}
   (You took it off a merfolk siren in the Dungeon)

   It occasionally discharges a powerful burst of electricity upon striking a
   foe.
   It grants its wielder a halo, revealing invisible creatures and increasing
   accuracy against all within it other than the wielder.
   rElec:     It insulates you from electricity.
Jewellery
 h - a ring of flight (left paw)
 k - a ring of fire (right paw)
 l - a ring of poison resistance
 o - an amulet of faith
Wands
 a - a wand of mindburst (13)
 p - a wand of acid (7)
 s - a wand of charming (6)
 u - a wand of digging (6)
Scrolls
 e - a scroll of torment {unknown}
 f - 2 scrolls of identify {unknown}
 j - a scroll of summoning {unknown}
 m - a scroll of enchant armour {unknown}
 n - 2 scrolls of amnesia {unknown}
 r - a scroll of blinking
 x - a scroll of immolation {unknown}
Potions
 b - a potion of attraction {unknown}
 c - a potion of haste
 d - 2 potions of magic
 g - a potion of invisibility
 i - a potion of flight {unknown}
 q - 4 potions of curing
 v - a potion of heal wounds
 w - a potion of berserk rage


   Skills:
 + Level 16.2 Fighting
 + Level 20.6 Dodging
 O Level 27 Stealth
 + Level 16.2 Unarmed Combat


You had 11 spell levels left.
You didn't know any spells.
Your spell library was empty.

Dungeon Overview and Level Annotations

Branches:
Dungeon (1/1)

Altars:
Cheibriados
Dithmenos
Elyvilon
Fedhas
Gozag
Hepliaklqana
Kikubaaqudgha
Makhleb
Nemelex Xobeh
Okawaru
Qazlal
Ru
Sif Muna
Trog
Uskayaw
Vehumet
Wu Jian
Xom
Yredelemnul
Zin
The Shining One
Jiyva
Lugonu

Shops:
D =*(:=!(((:=[:(**:(([[*

Annotations:
D Tiamat


Innate Abilities, Weirdness & Mutations

You have sharp claws.
You have razor-sharp teeth.
You have supernaturally acute eyesight. (SInv)
You cover ground quickly. (Speed+)
Your thick and shaggy fur keeps you warm. (AC +3, rC+)
Your paws help you pounce on unaware monsters.
You are incapable of wielding weapons or throwing items.
You cannot wear armour.
You gain extra lives every three experience levels.
You have a pair of small horns on your head.
You are partially covered in iridescent scales. (AC +2)
You possess an exceptional clarity of mind.
You are robust. (+10% HP)
You expend magic power (3 MP) to strengthen your wands.


Message History

[Y]es or [N]o only, please.
Really fly into a travel-excluded area?
There is an open door here.
You see here a +0 dire flail.
There is an open door here.
There is an open door here.
Your extra speed is starting to run out.
There is an open door here.
There is an open door here.
There is an open door here.
Things that are here:
a +0 scythe; a +0 robe
There is an open door here.
You feel yourself slow down.
You see here a +0 giant club.
There is an open door here.
There is an open door here.
There is a staircase leading out of the dungeon here.
Unknown command.
Attack: -) Teeth and claws
Press: ? - help, Dir - move target, f - you That would be overly suicidal.
Okay, then.
You start waiting.
A shadow demon comes into view.
Your deep troll goes berserk!
Your deep troll rages.
Your deep troll rages.
Your deep troll bites the shadow demon!!
Your deep troll claws the shadow demon!
Your deep troll claws the shadow demon.
The shadow demon hits your deep troll but does no damage.
Your deep troll barely misses the shadow demon.
Your deep troll claws the shadow demon!!
The shadow demon dies!
Trog accepts your kill.
Welcome back to level 12!
Unknown command.
Unknown command.
Unknown command.
You have escaped!

##################
#@.#..').#.)'..#__
#T.'..#..'..#..'..
#.)#####'#####'#__
#..####..#...#(###
#..#__####..##§#~§
#..#_____##'#§.'§§
#⌠⌠#_.∩...'..§§#§§
####_..__##_.#§##+
#_____###'#.#.[


You could see a friendly deep troll (summoned, berserk).

Vanquished Creatures
  A golden dragon (D)
  A shadow dragon (D)
  A daeva (D)
  A fire giant (D)
  A lorocyproca (D)
  A hydra (D)
  2 centaur warriors (D)
  Sonja (D)
  A deep troll (D)
  A lindwurm (D)
  2 shining eyes (D)
  An oklob plant (D)
  A merfolk siren (D)
  7 unseen horrors (D)
  A kobold demonologist (D)
  A hellwing (D)
  A hornet (D)
  A slime creature (D)
  Sigmund (D)
  A yak (D)
  13 hogs (D)
  2 redbacks (D)
  5 floating eyes (D)
  An ogre (D)
  7 necrophages (D)
  8 jellies (D)
  Ijyb (D)
  A ballistomycete spore (D)
66 creatures vanquished.

Vanquished Creatures (collateral kills)
  3 fire giants (D)
  A shadow demon (D)
  6 shining eyes (D)
  A merfolk siren (D)
  A gargoyle (D)
  4 demonic crawlers (D)
  A kobold demonologist (D)
  A hornet (D)
  2 floating eyes (D)
20 creatures vanquished.

Vanquished Creatures (others)
  A gargoyle (D)
  2 hornets (D)
  A ballistomycete spore (D)
4 creatures vanquished.

Grand Total: 90 creatures vanquished

Notes
Turn   | Place    | Note
-------+----------+-------------------------------------------
     0 | D        | Groucho the Felid Berserker began the quest for the Orb.
     0 | D        | Reached XP level 1. HP: 10/10 MP: 2/2
     2 | D        | Noticed Ijyb
     9 | D        | Killed Ijyb
    10 | D        | Reached skill level 8 in Stealth
    10 | D        | Reached XP level 2. HP: 11/14 MP: 3/3
   423 | D        | Noticed an ogre
   431 | D        | Killed an ogre
   432 | D        | Reached skill level 12 in Stealth
   432 | D        | Reached XP level 3. HP: 17/17 MP: 4/4
   432 | D        | Reached XP level 4. HP: 21/21 MP: 5/5
   511 | D        | Noticed Sigmund
   513 | D        | Killed Sigmund
   513 | D        | Reached ** piety under Trog
   514 | D        | Reached skill level 17 in Stealth
   514 | D        | Reached XP level 5. HP: 24/24 MP: 6/6
   514 | D        | Gained mutation: You are covered in thick fur. (AC +2)
                  | [Felid growth]
   514 | D        | Reached XP level 6. HP: 28/28 MP: 7/7
   538 | D        | Found a shimmering blue altar of Sif Muna.
   539 | D        | Found an ornate altar of the Wu Jian Council.
   540 | D        | Found a radiant altar of Vehumet.
   543 | D        | Noticed a centaur warrior
   576 | D        | Found Fagichim's Book Emporium.
   576 | D        | Found an ancient bone altar of Kikubaaqudgha.
   576 | D        | Found a hazy altar of Hepliaklqana.
   576 | D        | Found a stormy altar of Qazlal.
   576 | D        | Found a hide-covered altar of Uskayaw.
   576 | D        | Found a blossoming altar of Fedhas.
   576 | D        | Found a bloodstained altar of Trog.
   576 | D        | Found an iron altar of Okawaru.
   576 | D        | Found a basalt altar of Yredelemnul.
   576 | D        | Found a glowing golden altar of the Shining One.
   576 | D        | Found a snail-covered altar of Cheibriados.
   576 | D        | Found a sacrificial altar of Ru.
   576 | D        | Found a glowing silver altar of Zin.
   576 | D        | Found a shadowy altar of Dithmenos.
   576 | D        | Found a white marble altar of Elyvilon.
   576 | D        | Noticed a yak
   577 | D        | Found an opulent altar of Gozag.
   578 | D        | Killed a yak
   579 | D        | Reached skill level 5 in Dodging
   579 | D        | Reached skill level 18 in Stealth
   579 | D        | Found a sparkling altar of Nemelex Xobeh.
   597 | D        | Found a burning altar of Makhleb.
   597 | D        | Found a shimmering altar of Xom.
   597 | D        | Noticed a slime creature
   598 | D        | Found a viscous altar of Jiyva.
   598 | D        | Found a corrupted altar of Lugonu.
   600 | D        | Killed a slime creature
   601 | D        | Reached skill level 5 in Fighting
   601 | D        | Reached skill level 5 in Unarmed Combat
   601 | D        | Reached XP level 7. HP: 33/33 MP: 8/8
   626 | D        | Noticed a centaur warrior
   627 | D        | Killed a centaur warrior
   627 | D        | Reached *** piety under Trog
   628 | D        | Reached skill level 20 in Stealth
   628 | D        | Reached XP level 8. HP: 39/39 MP: 9/9
   628 | D        | Killed a centaur warrior
   629 | D        | Reached skill level 10 in Dodging
   629 | D        | Reached skill level 21 in Stealth
   635 | D        | Noticed a hornet
   638 | D        | Killed a hornet
   639 | D        | Reached XP level 9. HP: 44/44 MP: 10/10
   648 | D        | Noticed an oklob plant
   650 | D        | Killed an oklob plant
   650 | D        | Reached **** piety under Trog
   651 | D        | Reached skill level 22 in Stealth
   689 | D        | Noticed an unseen horror
   690 | D        | Noticed an unseen horror
   696 | D        | Killed an unseen horror
   698 | D        | Killed an unseen horror
   698 | D        | Reached ***** piety under Trog
   699 | D        | Reached skill level 23 in Stealth
   911 | D        | Reached ****** piety under Trog
   926 | D        | Reached XP level 10. HP: 49/49 MP: 11/11
   951 | D        | Found Zuoleq's Antique Weapon Shoppe.
   951 | D        | Found Yniebiutu's Antique Weapon Shop.
   951 | D        | Found Sotup's Antique Weapon Boutique.
   953 | D        | Found Quc Lile's Book Emporium.
   953 | D        | Found Voujiga's Jewellery Shop.
   953 | D        | Found Gasadopp's Antique Armour Shoppe.
   953 | D        | Found Vikuxo's Book Boutique.
   953 | D        | Found Eptotyru's Antique Weapon Emporium.
   953 | D        | Found Xialus's Assorted Antiques.
   953 | D        | Found Naydghar's General Store.
   957 | D        | Found Bodup's Book Boutique.
   958 | D        | Found Qeramn's Weapon Emporium.
   958 | D        | Found Vilaib's Weapon Boutique.
   959 | D        | Found Ruen's Armour Emporium.
   976 | D        | Bought a potion of heal wounds for 50 gold pieces
   976 | D        | Bought a potion of invisibility for 80 gold pieces
   983 | D        | Bought a ring of flight for 210 gold pieces
  1028 | D        | Noticed a deep troll
  1030 | D        | Killed a deep troll
  1042 | D        | Found Wam Mud's Armour Emporium.
  1057 | D        | Noticed Sonja
  1060 | D        | Killed Sonja
  1061 | D        | Reached skill level 10 in Fighting
  1061 | D        | Reached skill level 24 in Stealth
  1061 | D        | Reached skill level 10 in Unarmed Combat
  1078 | D        | Found Orefyarch's Jewellery Boutique.
  1131 | D        | Reached skill level 25 in Stealth
  1133 | D        | Noticed a gargoyle
  1135 | D        | Killed a gargoyle
  1435 | D        | Noticed a lindwurm
  1439 | D        | Killed a lindwurm
  1451 | D        | Reached XP level 11. HP: 55/55 MP: 12/12
  1454 | D        | Reached skill level 26 in Stealth
  1489 | D        | Reached skill level 15 in Dodging
  1924 | D        | Noticed a 12-headed hydra
  1926 | D        | Killed a 12-headed hydra
  2003 | D        | Bought a ring of fire for 300 gold pieces
  2003 | D        | Bought a ring of poison resistance for 240 gold pieces
  2069 | D        | Noticed a lorocyproca
  2101 | D        | HP: 2/57 [lorocyproca (39)]
  2117 | D        | Killed a lorocyproca
  2118 | D        | Reached skill level 27 in Stealth
  2597 | D        | Noticed a shadow dragon
  2597 | D        | Noticed a golden dragon
  2704 | D        | Killed a shadow dragon
  2706 | D        | Killed a golden dragon
  2765 | D        | Found Myssuakh's Assorted Antiques.
  3175 | D        | Noticed a shining eye
  3175 | D        | Noticed a shining eye
  3175 | D        | Noticed a shining eye
  3175 | D        | Noticed a shining eye
  3175 | D        | Noticed a shining eye
  3175 | D        | Noticed a shining eye
  3178 | D        | Paralysed by a floating eye for 2 turns
  3179 | D        | Gained mutation: Your magical capacity is low. (-10% MP) [a
                  | shining eye]
  3181 | D        | Killed a shining eye
  3185 | D        | Killed a shining eye
  3185 | D        | Gained mutation: You occasionally shout uncontrollably at
                  | your foes. [a shining eye]
  3186 | D        | Paralysed by a floating eye for 4 turns
  3187 | D        | Gained mutation: You are robust. (+10% HP) [a shining eye]
  3188 | D        | Killed a shining eye
  3189 | D        | Gained mutation: You sometimes lose your temper in combat.
                  | [a shining eye]
  3190 | D        | Killed a shining eye
  3191 | D        | Killed a shining eye
  3192 | D        | Gained mutation: Your thick and shaggy fur keeps you warm.
                  | (AC +3, rC+) [Felid growth]
  3192 | D        | Reached XP level 12. HP: 66/70 MP: 11/11
  3193 | D        | Lost mutation: You are robust. (+10% HP) [a shining eye]
  3201 | D        | Gained mutation: You are weak. (Str -2) [a shining eye]
  3208 | D        | Found Kygidar's Assorted Antiques.
  3208 | D        | Found Xoxt's Jewellery Shop.
  3208 | D        | Found Opnoz's Antique Weapon Emporium.
  3208 | D        | Found Icziped's Distillery.
  3235 | D        | Bought a potion of mutation for 112 gold pieces
  3235 | D        | Bought a potion of mutation for 112 gold pieces
  3235 | D        | Lost mutation: Your magical capacity is low. (-10% MP)
                  | [potion of mutation]
  3235 | D        | Lost mutation: You sometimes lose your temper in combat.
                  | [potion of mutation]
  3235 | D        | Gained mutation: You are robust. (+10% HP) [potion of
                  | mutation]
  3235 | D        | Gained mutation: You are partially covered in iridescent
                  | scales. (AC +2) [potion of mutation]
  3235 | D        | Gained mutation: You possess an exceptional clarity of
                  | mind. [potion of mutation]
  3235 | D        | Gained mutation: You have a pair of small horns on your
                  | head. [potion of mutation]
  3236 | D        | Lost mutation: You possess an exceptional clarity of mind.
                  | [potion of mutation]
  3236 | D        | Lost mutation: You occasionally shout uncontrollably at
                  | your foes. [potion of mutation]
  3236 | D        | Lost mutation: You are weak. (Str -2) [potion of mutation]
  3236 | D        | Gained mutation: You possess an exceptional clarity of
                  | mind. [potion of mutation]
  3236 | D        | Gained mutation: You expend magic power (3 MP) to
                  | strengthen your wands. [potion of mutation]
  3901 | D        | Noticed a deep elf annihilator
  4421 | D        | Noticed a daeva
  4433 | D        | Reached skill level 15 in Fighting
  4433 | D        | Reached skill level 15 in Unarmed Combat
  4438 | D        | Noticed a fire giant
  4441 | D        | Noticed a fire giant
  4441 | D        | Noticed a fire giant
  4442 | D        | Noticed a fire giant
  4455 | D        | Killed from afar by a daeva
  4456 | D        | Reached XP level 11. HP: -3/67 MP: 12/12
  4510 | D        | Killed a fire giant
  4527 | D        | Killed a fire giant
  4535 | D        | Killed a fire giant
  4800 | D        | Killed a fire giant
  5417 | D        | Killed a daeva
  5610 | D        | Found the +4 dragonskin cloak
  5610 | D        | Noticed Tiamat
  5612 | D        | Got the Orb of Zot
  5693 | D        | Noticed a shadow demon
  5696 | D        | Killed a shadow demon
  5697 | D        | Reached XP level 12. HP: 72/72 MP: 13/13
  5699 | D        | Escaped with the Orb!

Illustrated notes

Levels and vault maps discovered:
D:        dungeon_sprint_1 [red_sonja_temple_1, red_sonja_temple_small_1]

Skill      XL: |  1  2  3  4  5  6  7  8  9 10 11 12 |
---------------+-------------------------------------+-----
Stealth        | 8 12 17 18 20 21 23 25 27 | 27.0
Fighting       | 5 6 7 9 11 16 15 | 16.2
Dodging        | 6 8 10 12 14 20 19 | 20.6
Unarmed Combat | 5 6 7 9 11 16 15 | 16.2

Action                   |  1- 3 |  4- 6 |  7- 9 | 10-12 || total
-------------------------+-------+-------+-------+-------++-------
Melee: Unarmed           |     8 |     4 |    43 |   109 ||   164
       Punch             |     1 |       |     2 |     8 ||    11
       Bite              |       |       |     1 |    13 ||    14
       Headbutt          |       |       |       |     7 ||     7
Invok: Berserk           |     1 |       |     2 |     6 ||     9
       Trog's Hand       |       |       |     2 |     5 ||     7
       Brothers in Arms  |       |       |       |    10 ||    10
Evoke: Wand              |       |       |       |     2 ||     2
  Use: Potion            |     2 |       |       |     5 ||     7
       Scroll            |       |       |     1 |       ||     1
 Stab: Sleeping          |     1 |     4 |    13 |    18 ||    36
       Distracted        |       |       |     1 |     1 ||     2
Armor: Skin              |       |       |     1 |     3 ||     4
Dodge: Dodged            |     2 |       |    25 |    64 ||    91
